 Dungeon Crawl Stone Soup version 0.26.1-11-gd32895ea62 (webtiles) character file.

Game seed: 15898409820301900507

163 Zeld the Digger (level 5, 0/28 HPs)
             Began as a Gargoyle Earth Elementalist on June 8, 2021.
             Slain by a bullfrog (1 damage)
             ... on level 6 of the Dungeon on June 9, 2021.
             The game lasted 00:05:42 (2679 turns).

Zeld the Digger (Gargoyle Earth Elementalist)       Turns: 2679, Time: 00:05:43

Health: 0/28       AC:  6    Str: 11    XL:     5   Next: 44%
Magic:  2/9        EV: 12    Int: 17    God:
Gold:   81         SH:  0    Dex: 10    Spells: 4/10 levels left

rFire    . . .     SeeInvis .   (no weapon)
rCold    . . .     Faith    .   (no shield)
rNeg     + . .     Spirit   .   c - +0 robe
rPois    ∞         Reflect  .   (no helmet)
rElec    +         Harm     .   (no cloak)
rCorr    .         Rampage  .   (no gloves)
Will     .....                  (no boots)
Stlth    ++........             (no amulet)
HPRegen  0.09/turn              (no ring)
MPRegen  0.11/turn              (no ring)

@: no status effects
A: negative energy resistance 1, electricity resistance, unbreathing,
petrification resistance, miasma immunity, AC +4
a: no special abilities


You were on level 6 of the Dungeon.
You visited 1 branch of the dungeon, and saw 4 of its levels.

You collected 81 gold pieces.

Inventory:

Armour
 c - a +0 robe (worn)
Jewellery
 a - a cursed ring of see invisible {unknown}
 j - an uncursed ring of ice {unknown}
Wands
 o - a wand of flame (19)
Scrolls
 e - 2 scrolls of immolation {unknown}
 f - 2 scrolls of enchant armour {unknown}
 g - a scroll of magic mapping {unknown}
 h - a scroll of enchant weapon {unknown}
 k - 2 scrolls of remove curse {unknown}
 l - 3 scrolls of identify {unknown}
Potions
 d - 2 potions of heal wounds {unknown}
 i - a potion of curing {unknown}
 m - a potion of magic {unknown}
 n - a potion of brilliance {unknown}


   Skills:
 + Level 2.6 Dodging
 - Level 2.1 Stealth
 + Level 3.0 Spellcasting
 - Level 0.7 Transmutations
 * Level 5.7 Earth Magic


You had 4 spell levels left.
You knew the following spells:

 Your Spells              Type           Power        Failure   Level
a - Sandblast             Erth           42%          1%          1
b - Passwall              Tmut/Erth      10%          7%          2
c - Stone Arrow           Conj/Erth      24%          16%         3

Your spell library contained the following spells:

 Spells                   Type           Power        Failure   Level
 Petrify                  Tmut/Erth      13%          43%         4
 Lee's Rapid Deconstruct  Erth           10%          43%         5


Dungeon Overview and Level Annotations

Branches:
Dungeon (3/15)

Altars:
Okawaru

Annotations:
D:6 1 runed translucent door, Crazy Yiuf


Innate Abilities, Weirdness & Mutations

You are resistant to torment.
Your stone body is resilient. (AC +4)
You are immune to poison.
You resist negative energy. (rN+)
You are resistant to electric shocks. (rElec)
You can survive without breathing.
You are immune to petrification.
You are immune to miasma.


Message History

The spell is quite dangerous to cast (16% risk of failure)!
Continue anyway?
Aiming: Stone Arrow (quite dangerous; 16% risk of failure)
Press: ? - help, Shift-Dir - straight line, f/p - bullfrog
Aim: a bullfrog (heavily wounded, 40% to evade)
The stone arrow hits the bullfrog!
The bullfrog is almost dead.
The bullfrog hits you.
* * * LOW HITPOINT WARNING * * *
The bullfrog misses you. The bullfrog hits you.
* * * LOW HITPOINT WARNING * * *
Your magical contamination has completely faded away.
The bullfrog misses you. The bullfrog hits you.
* * * LOW HITPOINT WARNING * * *
The bullfrog hits you but does no damage.
The bullfrog closely misses you.
The bullfrog hits you but does no damage.
The bullfrog hits you.
You die...

#.#
############g######
........g.S.........
######.############
#.# #S# # #.#
#.####.####.#
#..@FS......#
#############


You could see a bullfrog and an adder.

Vanquished Creatures
  A howler monkey (D:6)
  A worker ant (D:6)
  3 adders
  3 oozes
  3 dart slugs
  2 leopard geckos
  4 ball pythons
  4 giant cockroaches
  6 goblins
  7 hobgoblins
  A quokka (D:6)
  4 bats
  2 frilled lizards
  6 kobolds
  9 rats
56 creatures vanquished.

Notes
Turn   | Place    | Note
-------+----------+-------------------------------------------
     0 | D:1      | Zeld the Gargoyle Earth Elementalist began the quest for
                  | the Orb.
     0 | D:1      | Reached XP level 1. HP: 10/10 MP: 3/3
   262 | D:1      | Reached XP level 2. HP: 11/15 MP: 3/5
   265 | D:1      | Reached skill level 4 in Earth Magic
   268 | D:1      | Learned a level 2 spell: Passwall
   737 | D:1      | Reached XP level 3. HP: 19/19 MP: 3/6
   745 | D:1      | Learned a level 3 spell: Stone Arrow
  1641 | D:2      | Reached XP level 4. HP: 24/24 MP: 3/7
  1825 | D:2      | Reached skill level 5 in Earth Magic
  2183 | D:3      | You fall into a shaft and drop 3 floors!
  2183 | D:6      | Found an iron altar of Okawaru.
  2228 | D:6      | Reached XP level 5. HP: 28/28 MP: 3/9
  2595 | D:6      | Found a runed translucent door.
  2596 | D:6      | Noticed Crazy Yiuf
  2635 | D:6      | Noticed an ice beast
  2671 | D:6      | HP: 1/28 [bullfrog (4)]
  2679 | D:6      | Slain by a bullfrog

Illustrated notes

Levels and vault maps discovered:
D:1:      scummos_arrival_hexagon, layout_basic, st_stairs_2
D:2:      layout_rooms
D:3:      layout_loops_ring, uniq_jessica
D:6:      layout_basic, nicolae_overflow_crystal_walls, roderic_lattice_a,
          uniq_crazy_yiuf_cottage

Skill      XL: |  1  2  3  4  5 |
---------------+----------------+-----
Earth Magic    | 4 5 |  5.7
Dodging        | 2 |  2.6
Spellcasting   | 3 |  3.0
Stealth        | |  2.1
Transmutations | |  0.7

Action                   |  1- 3 |  4- 6 || total
-------------------------+-------+-------++-------
Melee: Unarmed           |    11 |    18 ||    29
 Cast: Sandblast         |    54 |    24 ||    78
       Stone Arrow       |       |     3 ||     3
 Stab: Sleeping          |     2 |       ||     2
Armor: Robe              |     9 |    21 ||    30
Dodge: Dodged            |    16 |    44 ||    60
